Map: Станция Проксима РВ

Players

Myrillion - Winner!

  • Race: Protoss Protoss
  • League: Gold
  • Spawn Location: 7:00

FLIGHTER

  • Race: Protoss Protoss
  • League: Gold
  • Spawn Location: 1:00

VOD

Have the link to the VOD?

Description

Time

  • Played on: April 3, 2017, 3:29 p.m.
  • Length: 24:47
Show
View Real Time Build Order
Export as new Build Order

Myrillion Protoss - Winner!

Build Orders: Oracle Opening 

Get SALT Encoding   

  12  0:01  Probe (Chrono Boost)  
  13  0:11  Probe (Chrono Boost)  
  14  0:18  Pylon  
  14  0:24  Probe (Chrono Boost)  
  15  0:36  Gateway  
  15  0:39  Probe (Chrono Boost)  
  16  0:46  Assimilator  
  16  0:55  Probe (Chrono Boost)  
  17  0:58  Assimilator  
  17  1:05  Probe (Chrono Boost)  
  18  1:16  Probe (Chrono Boost)  
  19  1:23  Cybernetics Core  
  19  1:41  Pylon  
  19  2:04  Warp Gate  
  19  2:13  Probe (Chrono Boost)  
  20  2:29  Pylon  
  20  2:32  Gateway  
  20  2:33  Adept  
  20  2:36  Stargate  
  22  2:39  Gateway  
  22  2:56  Probe (Chrono Boost)  
  23  3:08  Probe (Chrono Boost)  
  23  3:17  Nexus  
  23  3:27  Oracle  
  26  3:44  Forge  
  27  4:03  Probe (Chrono Boost)  
  27  4:19  Stalker  
  27  4:20  Photon Cannon, Pylon  
  29  4:31  Mothership Core (Chrono Boost)  
  31  4:33  Probe (Chrono Boost)  
  33  4:45  Probe (Chrono Boost)  
  33  4:49  Probe (Chrono Boost)  
  34  5:09  Adept x3  
  34  5:13  Probe (Chrono Boost)  
  34  5:14  Pylon  
  42  5:15  Protoss Ground Weapons Level 1, Probe (Chrono Boost)  
  42  5:22  Robotics Facility  
  42  5:27  Probe (Chrono Boost)  
  43  5:38  Photon Cannon  
  43  5:40  Probe (Chrono Boost)  
  43  5:42  Probe (Chrono Boost)  
  45  5:54  Probe (Chrono Boost)  
  46  5:57  Robotics Facility  
  46  6:02  Probe (Chrono Boost)  
  47  6:06  Probe (Chrono Boost)  
  47  6:10  Observer  
  49  6:12  Probe (Chrono Boost)  
  49  6:13  Adept x2  
  49  6:18  Probe (Chrono Boost)  
  55  6:22  Gateway  
  55  6:23  Probe (Chrono Boost)  
  56  6:25  Photon Cannon  
  56  6:30  Adept  
  58  6:34  Probe (Chrono Boost)  
  58  6:35  Probe (Chrono Boost)  
  60  7:02  Pylon  
  60  7:20  Immortal, Probe (Chrono Boost)  
  60  7:21  Probe (Chrono Boost)  
  60  7:22  Assimilator  
  66  7:24  Assimilator, Forge  
  66  7:27  Twilight Council  
  66  7:28  Immortal  
  70  7:41  Pylon  
  70  7:52  Pylon  
  70  7:55  Pylon, Immortal  
  70  7:59  Protoss Ground Armor Level 1  
  70  8:00  Protoss Shields Level 1  
  70  8:01  Probe x2 (Chrono Boost)  
  78  8:13  Probe x2 (Chrono Boost)  
  78  8:19  Dark Shrine  
  78  8:25  Probe (Chrono Boost)  
  79  8:36  Nexus  
  79  8:39  Assimilator  
  78  8:43  Assimilator  
  78  8:45  Gateway  
  78  8:48  Photon Cannon  
  78  8:52  Warp Prism, Immortal  
  78  9:02  Probe x2 (Chrono Boost)  
  86  9:14  Probe x2 (Chrono Boost)  
  88  9:26  Probe (Chrono Boost)  
  88  9:27  Probe (Chrono Boost)  
  90  9:37  Immortal  
  94  9:43  Nexus  
  94  9:45  Pylon  
  94  9:46  Assimilator  
  94  9:50  Probe x2 (Chrono Boost)  
  94  9:51  Assimilator  
  96  9:54  Dark Templar x2  
  96  9:55  Dark Templar, Pylon  
  96  9:58  Dark Templar  
  96  9:59  Pylon  
  104  10:24  Photon Cannon  
  104  10:26  Probe (Chrono Boost)  
  104  10:27  Probe (Chrono Boost)  
  104  10:28  Photon Cannon, Probe (Chrono Boost)  
  107  10:39  Probe (Chrono Boost)  
  108  10:51  Stalker x2  
  108  10:54  Stalker  
  108  10:56  Stalker  
  116  10:58  Stalker  
  121  11:04  Probe (Chrono Boost)  
  121  11:05  Probe x2 (Chrono Boost)  
  121  11:13  Immortal  
  125  11:28  Robotics Facility  
  123  11:38  Pylon  
  123  11:45  Stalker x4  
  123  11:46  Stalker  
  135  12:18  Probe x2 (Chrono Boost)  
  135  12:19  Probe x2 (Chrono Boost)  
  135  12:21  Observer  
  136  12:29  Immortal  
  136  12:30  Probe x4 (Chrono Boost)  
  136  12:35  Pylon  
  140  12:38  Pylon  
  140  12:41  Forge  
  140  12:42  Pylon  
  140  12:43  Forge  
  140  12:45  Gateway  
  140  12:46  Pylon  
  140  12:50  Gateway, Pylon  
  140  12:53  Pylon, Probe x2 (Chrono Boost)  
  140  12:54  Pylon  
  140  12:55  Zealot x3  
  131  13:23  Zealot  
  131  13:24  Zealot x4  
  136  13:35  Gateway  
  136  13:38  Photon Cannon  
  136  13:40  Photon Cannon  
  122  13:44  Photon Cannon  
  122  13:45  Photon Cannon  
  116  13:49  Observer  
  117  13:58  Dark Templar x4  
  125  14:09  Twilight Council  
  121  14:11  Probe x4 (Chrono Boost)  
  125  14:22  Probe x2 (Chrono Boost)  
  127  14:28  Photon Cannon  
  127  14:30  Photon Cannon  
  127  14:38  Oracle  
  130  14:56  Immortal x2  
  138  15:04  Photon Cannon, Nexus  
  138  15:07  Assimilator  
  138  15:09  Photon Cannon  
  138  15:10  Assimilator  
  138  15:12  Photon Cannon  
  138  15:13  Stargate, Oracle  
  141  15:16  Photon Cannon, Resonating Glaives, Stargate, Pylon  
  141  15:18  Protoss Ground Armor Level 2, Protoss Shields Level 2  
  141  15:20  Robotics Facility  
  141  15:33  Zealot  
  141  15:34  Zealot x4  
  151  15:40  Stalker  
  151  15:41  Stalker  
  145  16:18  Photon Cannon  
  145  16:20  Photon Cannon  
  145  16:23  Photon Cannon  
  145  16:26  Pylon  
  145  16:30  Pylon  
  145  16:31  Void Ray  
  145  16:32  Void Ray x2  
  157  16:34  Pylon  
  157  16:43  Fleet Beacon  
  157  16:45  Gateway  
  157  16:47  Gateway  
  157  16:49  Gateway  
  157  16:51  Gateway  
  152  17:01  Stalker x5  
  143  17:02  Stalker  
  141  17:14  Dark Templar  
  143  17:21  Immortal x2  
  138  17:22  Void Ray  
  138  17:23  Void Ray  
  140  17:42  Photon Cannon  
  140  17:43  Probe (Chrono Boost)  
  140  17:44  Photon Cannon, Probe x2 (Chrono Boost)  
  143  17:48  Photon Cannon  
  143  17:53  Carrier  
  143  17:55  Protoss Ground Armor Level 3  
  143  17:56  Protoss Shields Level 3  
  149  18:00  Immortal x2  
  157  18:07  Gateway  
  157  18:11  Oracle  
  157  18:12  Gateway  
  160  18:16  Gateway  
  160  18:20  Graviton Catapult  
  160  18:39  Observer, Immortal  
  165  18:43  Nexus  
  165  18:44  Photon Cannon  
  165  18:46  Assimilator  
  165  18:48  Pylon  
  165  18:51  Photon Cannon  
  165  18:52  Pylon  
  165  18:53  Photon Cannon  
  165  18:56  Pylon  
  165  18:57  Robotics Facility  
  165  18:59  Robotics Facility  
  165  19:01  Observer  
  166  19:08  Tempest x2  
  178  19:11  Mothership Core (Chrono Boost)  
  180  19:19  Observer  
  180  19:22  Observer  
  179  19:32  Dark Templar x4  
  193  19:40  Observer  
  193  19:43  Warp Prism  
  196  19:47  Charge  
  196  19:51  Zealot x2  
  200  19:57  Forge  
  200  20:16  Photon Cannon  
  200  20:20  Photon Cannon  
  200  20:21  Gateway  
  200  20:25  Photon Cannon  
  200  20:29  Photon Cannon  
  200  20:55  Protoss Ground Weapons Level 2  
  200  20:56  Stargate  
  200  20:58  Stargate  
  200  20:59  Stargate  
  200  21:31  Gateway  
  200  21:33  Gateway  
  200  21:35  Gateway  
  200  21:39  Cybernetics Core  
  200  21:43  Nexus  
  200  21:44  Protoss Air Armor Level 1  
  200  21:47  Assimilator  
  200  21:51  Assimilator  
  200  21:53  Pylon  
  200  21:56  Pylon  
  200  22:00  Zealot x3  
  200  22:01  Zealot x4  
  192  22:13  Carrier x2  
  182  22:17  Carrier  
  200  22:42  Photon Cannon  
  200  22:44  Photon Cannon  
  194  22:45  Photon Cannon  
  194  22:47  Photon Cannon  
  194  22:49  Photon Cannon  
  194  22:52  Photon Cannon  
  194  22:54  Photon Cannon  
  194  22:57  Pylon  
  194  22:58  Carrier  
  194  22:59  Pylon  
  194  23:03  Pylon  
  194  23:06  Pylon  
  194  23:08  Pylon  
  200  23:12  Pylon  
  200  23:14  Pylon  
  200  23:17  Pylon  
  200  24:08  Assimilator  
Show
View Real Time Build Order
Export as new Build Order

FLIGHTER Protoss 

Build Orders:  

Get SALT Encoding   

  12  0:01  Probe (Chrono Boost)  
  13  0:14  Probe (Chrono Boost)  
  13  0:20  Pylon  
  14  0:27  Probe (Chrono Boost)  
  15  0:38  Probe (Chrono Boost)  
  15  0:40  Gateway  
  16  1:11  Probe (Chrono Boost)  
  16  1:14  Assimilator  
  16  1:17  Assimilator  
  17  1:21  Gateway  
  17  1:22  Probe (Chrono Boost)  
  19  1:33  Probe (Chrono Boost)  
  19  1:43  Probe (Chrono Boost)  
  20  1:54  Probe (Chrono Boost)  
  20  1:57  Cybernetics Core  
  20  2:13  Probe (Chrono Boost)  
  21  2:22  Warp Gate, Nexus  
  21  2:24  Probe (Chrono Boost)  
  22  2:34  Pylon, Probe (Chrono Boost)  
  23  2:51  Pylon  
  23  2:53  Probe (Chrono Boost)  
  23  2:56  Stalker  
  26  3:05  Probe (Chrono Boost)  
  27  3:12  Stalker  
  29  3:17  Probe (Chrono Boost)  
  29  3:20  Gateway  
  29  3:30  Probe (Chrono Boost)  
  29  3:32  Stalker  
  32  3:35  Probe (Chrono Boost)  
  33  3:46  Twilight Council  
  33  3:53  Gateway  
  33  3:58  Stalker  
  35  4:09  Probe (Chrono Boost)  
  37  4:10  Probe (Chrono Boost)  
  37  4:19  Probe (Chrono Boost)  
  37  4:20  Assimilator  
  37  4:22  Probe (Chrono Boost)  
  39  4:26  Blink  
  39  4:30  Probe (Chrono Boost)  
  40  4:32  Probe (Chrono Boost)  
  41  4:43  Robotics Facility  
  32  5:04  Mothership Core (Chrono Boost), Probe (Chrono Boost)  
  33  5:15  Probe (Chrono Boost)  
  34  5:22  Probe (Chrono Boost)  
  34  5:25  Probe (Chrono Boost)  
  36  5:30  Pylon  
  36  5:32  Observer  
  36  5:33  Pylon  
  36  5:34  Stalker x2  
  41  5:37  Pylon  
  41  5:41  Assimilator, Probe (Chrono Boost)  
  42  5:57  Pylon  
  42  6:07  Probe x2 (Chrono Boost)  
  44  6:13  Robotics Facility  
  44  6:18  Probe x2 (Chrono Boost)  
  46  6:22  Sentry  
  46  6:23  Sentry  
  50  6:27  Stalker  
  50  6:28  Probe x2 (Chrono Boost)  
  50  6:29  Stalker  
  56  6:41  Probe x2 (Chrono Boost)  
  57  6:52  Probe x2 (Chrono Boost)  
  59  6:56  Pylon  
  59  6:59  Forge  
  59  7:00  Forge  
  59  7:02  Probe (Chrono Boost)  
  59  7:03  Probe (Chrono Boost)  
  61  7:13  Probe x2 (Chrono Boost)  
  61  7:14  Stalker  
  61  7:15  Stalker  
  67  7:32  Probe x2 (Chrono Boost)  
  69  7:42  Protoss Ground Weapons Level 1, Protoss Ground Armor Level 1  
  69  7:43  Probe x2 (Chrono Boost)  
  71  8:06  Observer  
  71  8:10  Observer  
  73  8:16  Stalker x4, Nexus  
  81  8:22  Pylon  
  81  8:31  Pylon  
  81  8:37  Pylon  
  79  8:43  Gateway  
  79  8:44  Gateway  
  79  8:46  Gateway  
  79  8:48  Gateway  
  79  9:17  Stalker x4  
  79  9:18  Nexus  
  79  9:21  Assimilator  
  87  9:25  Pylon x2  
  87  9:31  Assimilator  
  87  9:34  Pylon  
  87  9:52  Dark Shrine  
  87  9:55  Photon Cannon  
  87  10:01  Warp Prism  
  89  10:20  Probe x2 (Chrono Boost)  
  91  10:23  Stalker x6  
  103  10:30  Probe (Chrono Boost)  
  103  10:31  Probe (Chrono Boost)  
  105  10:41  Probe x2 (Chrono Boost)  
  105  10:42  Pylon  
  107  10:45  Pylon  
  102  10:51  Probe (Chrono Boost)  
  102  10:52  Probe (Chrono Boost)  
  102  10:54  Stalker x2  
  99  11:00  Observer  
  99  11:02  Probe x2 (Chrono Boost)  
  99  11:10  Pylon  
  99  11:33  Dark Templar x7  
  99  12:42  Dark Templar x6  
  109  13:06  Protoss Ground Weapons Level 2  
  99  13:20  Observer  
  86  13:46  Stalker  
  86  13:47  Stalker x3  
  64  14:08  Immortal  
  59  14:24  Observer  
  59  14:32  Nexus  
  59  14:34  Gateway  
  59  14:37  Gateway  
  60  14:39  Probe x2 (Chrono Boost)  
  60  14:40  Probe (Chrono Boost)  
  60  14:43  Assimilator  
  62  14:45  Assimilator  
  62  14:48  Zealot x5  
  62  14:49  Zealot x2, Probe x2 (Chrono Boost)  
  62  14:52  Probe (Chrono Boost)  
  79  14:55  Charge  
  79  15:05  Gateway  
  79  15:07  Gateway  
  79  15:09  Gateway  
  79  15:10  Gateway, Probe x2 (Chrono Boost)  
  79  15:11  Gateway  
  79  15:12  Probe (Chrono Boost)  
  82  15:15  Stalker x4  
  82  15:16  Stalker x3  
  82  15:17  Immortal  
  82  15:21  Probe x2 (Chrono Boost)  
  98  15:22  Warp Prism  
  98  15:24  Probe (Chrono Boost)  
  104  15:31  Probe x2 (Chrono Boost)  
  107  15:36  Probe (Chrono Boost)  
  105  15:45  Stalker  
  105  15:46  Stalker x5  
  111  15:53  Observer  
  106  16:05  Probe (Chrono Boost)  
  107  16:15  Probe (Chrono Boost)  
  108  16:24  Stalker x2  
  108  16:25  Stalker x6  
  120  16:26  Probe (Chrono Boost)  
  125  16:35  Resonating Glaives  
  125  16:37  Probe (Chrono Boost)  
  126  16:47  Probe (Chrono Boost)  
  127  17:10  Robotics Bay  
  125  17:20  Stalker x4  
  125  17:21  Stalker x5  
  131  17:25  Immortal  
  106  17:42  Immortal  
  110  17:47  Zealot x3  
  110  17:48  Zealot x7  
  110  17:49  Zealot x3  
  136  18:06  Gateway  
  136  18:24  Zealot x9  
  154  18:31  Protoss Ground Weapons Level 3  
  154  18:33  Pylon  
  154  18:35  Assimilator x2  
  154  18:38  Observer  
  155  18:41  Observer  
  155  18:58  Stalker x6, Nexus  
  167  19:21  Probe (Chrono Boost)  
  168  19:32  Probe (Chrono Boost)  
  169  19:42  Probe (Chrono Boost)  
  170  19:53  Probe (Chrono Boost)  
  170  20:03  Probe (Chrono Boost)  
  170  20:06  Stalker x3  
  170  20:07  Stalker x9  
  181  20:11  Disruptor  
  198  20:37  Nexus  
  198  20:40  Assimilator  
  198  20:44  Stalker  
  199  21:01  Observer  
  197  21:04  Observer  
  197  21:09  Protoss Ground Armor Level 2  
  197  21:10  Protoss Shields Level 1  
  199  21:13  Assimilator  
  199  21:14  Probe (Chrono Boost)  
  142  22:03  Stalker x2  
  142  22:04  Stalker x5  
  142  22:05  Stalker x3  
  142  22:06  Stalker  
  97  22:23  Pylon  
  97  22:25  Pylon  
  97  22:29  Stalker  
  70  22:30  Stalker x5  
  70  22:31  Stalker x7  
  77  22:44  Observer  
  77  22:47  Observer  
  83  23:08  Stargate, Immortal  
  83  23:09  Stargate  
  83  23:10  Photon Cannon  
  83  23:11  Stargate  
  87  23:34  Photon Cannon  
  87  23:35  Photon Cannon  
  86  24:13  Fleet Beacon  
  63  24:40  Stalker x3  
Tags
 
Add a new tag
Caveats
  • Supply blocks, unpowered buildings, or Contaminate may cause inaccurate times.
  • Supply counts are checked every 10 seconds.